 Dungeon Sprint DCSS version 0.29-a0-119-g4040846114 (webtiles) character file.

Game seed: 15929864725462479371

3945 mhtbhm the Basher (level 10, -5/68 HPs)
             Began as a Gargoyle Fighter on Feb 19, 2022.
             Was the Champion of the Shining One.
             Slain by a tyrant leech (22 damage)
             ... in the Dungeon (Sprint VII: "The Pits").
             The game lasted 00:04:33 (1706 turns).

mhtbhm the Basher (Gargoyle Fighter)                Turns: 1706, Time: 00:04:33

Health: -5/68      AC: 30    Str: 28    XL:     10   Next: 21%
Magic:  12/15      EV:  9    Int:  8    God:    the Shining One [******]
Gold:   6          SH:  5    Dex:  9    Spells: 9/9 levels left

rFire   . . .      SeeInvis .   a - +2 mace (vorpal)
rCold   . . .      Faith    .   c - +0 buckler
rNeg    + + +      Spirit   .   b - +3 plate armour
rPois   ∞          Reflect  .   (no helmet)
rElec   +          Harm     .   p - +0 cloak
rCorr   .          Rampage  .   (no gloves)
Will    .....      NoTele   +   (no boots)
Stlth   ..........              (no amulet)
HPRegen 0.21/turn               l - +3 ring of protection
MPRegen 0.14/turn               m - +3 ring of strength

@: glowing
A: sickness immunity, AC +7, negative energy resistance 1, electricity
resistance, torment resistance 1, petrification resistance
a: Renounce Religion, Divine Shield, Cleansing Flame, Summon Divine Warrior,
Brand Weapon With Holy Wrath


You were in the Dungeon.
You worshipped the Shining One.
The Shining One was exalted by your worship.
You visited 1 branch You collected 6 gold pieces.

Inventory:

Hand Weapons
 a - a +2 vorpal mace (weapon)
Armour
 b - a +3 plate armour (worn)
 c - a +0 buckler (worn)
 p - a +0 cloak (worn)
Jewellery
 l - a +3 ring of protection (left hand)
 m - a +3 ring of strength (right hand)
Wands
 g - a wand of polymorph (6)
Scrolls
 k - 5 scrolls of amnesia
Potions
 d - a potion of might
 e - 6 potions of curing
 f - 5 potions of heal wounds
 h - 3 potions of magic
 i - 4 potions of berserk rage
 n - 3 potions of brilliance
 o - a potion of haste


   Skills:
 + Level 10.7 Fighting
 + Level 14.3 Maces & Flails
 + Level 12.4 Armour
 + Level 4.8 Dodging
 - Level 2.6 Stealth
 + Level 8.5 Shields
 - Level 3.9 Unarmed Combat
 * Level 6.7 Invocations


You had 9 spell levels left.
You didn't know any spells.
Your spell library was empty.

Dungeon Overview and Level Annotations

Branches:
Dungeon (1/1)

Altars:
Ashenzari
Cheibriados
Dithmenos
Elyvilon
Fedhas
Gozag
Hepliaklqana
Kikubaaqudgha
Makhleb
Nemelex Xobeh
Okawaru
Qazlal
Ru
Sif Muna
Trog
Uskayaw
Vehumet
Wu Jian
Xom
Yredelemnul
Zin
The Shining One
Beogh
Jiyva
Lugonu


Innate Abilities, Weirdness & Mutations

You are immune to sickness and miasma.
Your stone body is resilient. (AC +7)
You are immune to poison.
You resist negative energy. (rN+)
You are resistant to electric shocks. (rElec)
You are resistant to unholy torment.
You are immune to petrification.


Message History

Press: ? - help, Shift-Dir - straight line, f - boulder beetle
Aim: a boulder beetle (almost dead, haloed, will become a tyrant leech, a radroach, or an alligator, chance to affect: 31%)
The boulder beetle evaporates and reforms as a tyrant leech!
Unknown command.
There is a huge open gate to the Metal Vault (Medium) here.
There is a huge open gate to the Metal Vault (Medium) here.
There is an open door to the Storerooms (Easy) here.
Items here: ( ))) [.
Items here: ( ))) [.
You hit the tyrant leech.
The tyrant leech is lightly wounded.
The tyrant leech bites you but does no damage.
You sock the tyrant leech!
The tyrant leech is moderately wounded.
You sock the tyrant leech!
The tyrant leech is heavily wounded.
The tyrant leech bites you!!
* * * LOW HITPOINT WARNING * * *
You hit the tyrant leech.
The tyrant leech is heavily wounded.
You barely miss the tyrant leech.
The tyrant leech is heavily wounded.
You block the tyrant leech's attack.
You closely miss the tyrant leech.
The tyrant leech is heavily wounded.
You thump the tyrant leech!
The tyrant leech is almost dead.
The tyrant leech bites you but does no damage.
You closely miss the tyrant leech.
The tyrant leech is almost dead.
The tyrant leech bites you but does no damage.
You hit the tyrant leech.
The tyrant leech is almost dead.
You hit the tyrant leech but do no damage.
The tyrant leech is almost dead.
The tyrant leech bites you!
* * * LOW HITPOINT WARNING * * *
Unknown command.
You feel better. The tyrant leech bites you!!
You die...

############
#_________.#
#_________.#
#_______...#########
##########'##.......
#.?(!')))'.##......#
##########.##.......
#.)@w.......'.......
#)#####'#####......#
#.#[[#.....##.......
#.#))#####'#####'###
#.#))#.....##.......
#.#))#.÷.).##.......
#.#..###'####.......
#.##'#.....##...<...
#.#........##.......


You could see a tyrant leech.

Vanquished Creatures
  A flayed ghost (D)
  Pikel (D)
  A manticore (D)
  Maurice (D)
  An efreet (D)
  A komodo dragon (D)
  A hornet (D)
  Grinder (D)
  A wyvern (D)
  A redback (D)
  4 vampire mosquitoes (D)
  A water moccasin (D)
  Pargi (D)
  A sky beast (D)
  A centaur (D)
  A phantom (D)
  A lemure (D)
  A small abomination (D)
  A crimson imp (D)
  2 jellies (D)
  An orc priest (D)
  2 iron imps (D)
  A gnoll (D)
  2 adders (D)
  An adder skeleton (D)
  3 orcs (D)
  A quokka (D)
  A ball python zombie (D)
  2 bats (D)
  A quokka zombie (D)
  A rat (D)
40 creatures vanquished.

Notes
Turn   | Place    | Note
-------+----------+-------------------------------------------
     0 | D        | mhtbhm the Gargoyle Fighter began the quest for the Orb.
     0 | D        | Reached XP level 1. HP: 14/14 MP: 1/1
    25 | D        | Found a bloodstained altar of Trog.
    25 | D        | Found a shimmering blue altar of Sif Muna.
    25 | D        | Found a viscous altar of Jiyva.
    25 | D        | Found a hazy altar of Hepliaklqana.
    25 | D        | Found an opulent altar of Gozag.
    26 | D        | Found a glowing golden altar of the Shining One.
    26 | D        | Found a glowing silver altar of Zin.
    26 | D        | Found a basalt altar of Yredelemnul.
    26 | D        | Found a shimmering altar of Xom.
    26 | D        | Found an ornate altar of the Wu Jian Council.
    26 | D        | Found a sacrificial altar of Ru.
    26 | D        | Found a stormy altar of Qazlal.
    26 | D        | Found an iron altar of Okawaru.
    26 | D        | Found a sparkling altar of Nemelex Xobeh.
    26 | D        | Found a burning altar of Makhleb.
    26 | D        | Found a blossoming altar of Fedhas.
    26 | D        | Found a white marble altar of Elyvilon.
    26 | D        | Found a shadowy altar of Dithmenos.
    26 | D        | Found a snail-covered altar of Cheibriados.
    28 | D        | Found a radiant altar of Vehumet.
    28 | D        | Found a corrupted altar of Lugonu.
    29 | D        | Found a hide-covered altar of Uskayaw.
    29 | D        | Found an ancient bone altar of Kikubaaqudgha.
    29 | D        | Found a broken altar of Ashenzari.
    33 | D        | Became a worshipper of the Shining One
    71 | D        | Reached * piety under the Shining One
    76 | D        | Reached XP level 2. HP: 20/20 MP: 2/2
   164 | D        | Reached ** piety under the Shining One
   165 | D        | Noticed a crimson imp
   195 | D        | Reached skill level 3 in Maces & Flails
   195 | D        | Reached XP level 3. HP: 8/24 MP: 3/3
   203 | D        | Reached *** piety under the Shining One
   204 | D        | Reached skill level 5 in Fighting
   204 | D        | Reached skill level 4 in Maces & Flails
   204 | D        | Reached skill level 5 in Armour
   204 | D        | Reached XP level 4. HP: 11/31 MP: 4/4
   501 | D        | Noticed a centaur
   501 | D        | Noticed a sky beast
   501 | D        | Reached **** piety under the Shining One
   516 | D        | Killed a sky beast
   517 | D        | Reached skill level 6 in Maces & Flails
   517 | D        | Reached skill level 1 in Dodging
   517 | D        | Reached skill level 5 in Shields
   517 | D        | Reached XP level 5. HP: 24/36 MP: 5/5
   521 | D        | Killed a centaur
   522 | D        | Reached skill level 7 in Maces & Flails
   522 | D        | Reached XP level 6. HP: 28/42 MP: 6/6
   695 | D        | Noticed a water moccasin
   700 | D        | Killed a water moccasin
   701 | D        | Reached skill level 8 in Maces & Flails
   701 | D        | Reached skill level 1 in Stealth
   708 | D        | Noticed Pargi
   713 | D        | Killed Pargi
   714 | D        | Reached skill level 9 in Maces & Flails
   714 | D        | Reached XP level 7. HP: 46/48 MP: 7/7
   716 | D        | Noticed a manticore
   716 | D        | Reached ***** piety under the Shining One
   730 | D        | Killed a manticore
   731 | D        | Reached skill level 11 in Maces & Flails
   731 | D        | Reached skill level 10 in Armour
   731 | D        | Reached XP level 8. HP: 27/54 MP: 8/8
   878 | D        | Noticed Grinder
   878 | D        | Noticed Pikel
   896 | D        | Killed Pikel
   897 | D        | Reached skill level 12 in Maces & Flails
   904 | D        | Paralysed by Grinder for 6 turns
   914 | D        | Killed Grinder
  1027 | D        | Noticed Maurice
  1136 | D        | Killed Maurice
  1137 | D        | Reached skill level 13 in Maces & Flails
  1137 | D        | Reached skill level 1 in Unarmed Combat
  1137 | D        | Reached XP level 9. HP: 43/60 MP: 9/9
  1474 | D        | Reached ****** piety under the Shining One
  1482 | D        | Reached skill level 1 in Invocations
  1484 | D        | Noticed a hornet
  1484 | D        | Noticed a komodo dragon
  1498 | D        | Killed a komodo dragon
  1525 | D        | Killed a hornet
  1526 | D        | Reached skill level 10 in Fighting
  1608 | D        | Noticed a boulder beetle
  1609 | D        | Noticed an efreet
  1627 | D        | Reached skill level 14 in Maces & Flails
  1627 | D        | Reached skill level 5 in Invocations
  1645 | D        | Noticed a flayed ghost
  1646 | D        | Killed an efreet
  1647 | D        | Reached XP level 10. HP: 32/68 MP: 3/14
  1654 | D        | Killed a flayed ghost
  1655 | D        | a boulder beetle changed into a tyrant leech
  1706 | D        | Slain by a tyrant leech

Illustrated notes

Levels and vault maps discovered:
D:        pitsprint [storerooms_1, entrance_room_1, metal_vault_3, armoury_1,
          mini_pit_1, grid_room_1, main_hall_1, silver_pit, the_coven_3,
          the_vestibule_1, steel_vault_1, golden_pit, hallway_of_sentries,
          crystal_vault_2, iron_vault_1, final_vault]

Skill      XL: |  1  2  3  4  5  6  7  8  9 10 |
---------------+-------------------------------+-----
Fighting       | 4 5 6 7 9 10 | 10.7
Armour         | 4 5 6 7 8 10 11 12 | 12.4
Shields        | 4 5 6 7 8 |  8.5
Maces & Flails | 3 4 6 7 9 11 13 14 | 14.3
Dodging        | 1 2 3 4 |  4.8
Stealth        | 1 2 |  2.6
Unarmed Combat | 1 3 |  3.9
Invocations    | 5 6 |  6.7

Action                   |  1- 3 |  4- 6 |  7- 9 | 10-12 || total
-------------------------+-------+-------+-------+-------++-------
Melee: Flail             |     6 |       |       |       ||     6
       Mace              |    36 |    32 |   134 |    11 ||   213
       Unarmed           |       |       |    30 |       ||    30
Invok: Cleansing Flame   |       |       |     2 |     2 ||     4
Evoke: Wand              |       |       |       |     1 ||     1
  Use: Potion            |     1 |       |     5 |     2 ||     8
       Scroll            |       |       |       |     1 ||     1
Armor: Scale mail        |    19 |       |       |       ||    19
       Plate armour      |       |    33 |    66 |     4 ||   103
       Skin              |       |       |     4 |       ||     4
Dodge: Dodged            |    18 |     9 |    73 |     1 ||   101
Block: Buckler           |     7 |     6 |    33 |     1 ||    47

Table legend: (Time is in decaauts)
 A = Elapsed time spent in this place.
 B = Non-inter-level travel time spent in this place.
 C = Inter-level travel time spent in this place.
 D = Time resting spent in this place.
 E = Time spent auto-exploring this place.
 F = Levels seen in this place.
 G = Mean time per level.
                   A        B        C        D        E       F      G
               +--------+--------+--------+--------+--------+-----+--------+
         Total |   1695 |   1695 |      0 |    956 |     30 |   1 | 1695.0 |
       Dungeon |   1695 |   1695 |      0 |    956 |     30 |   1 | 1695.0 |
               +--------+--------+--------+--------+--------+-----+--------+

Top non-repeatable levels by time:
       D: 1695 daAuts
